Kradschützen Motorcycle Team
Selects Panzerjäger Kommand Battlegroup
Selects Blockade Equipment
Selects GrB 39 Grenade Launcher Requisition
Construct Light Support Kompanie
Construct Mechanized Kompanie
Selects Defensive Positions
Panzerjäger Mechanized Group
254 Reconnaissance Tractor
Construct Panzerarmee Kommand
Panzerjäger Mechanized Group
Selects Crew Shock Tactics
Selects Elefant Tank Destroyer
Selects Butterfly Bomb Drop